 Dungeon Crawl Stone Soup version 0.30-b1-2-g02819fbbbe (webtiles) character file.

Game seed: 16115394418823625580

11584 Alarkh the Slicer (level 11, -10/93 HPs)
             Began as a Demonspawn Artificer on Nov 22, 2023.
             Was a Believer of Uskayaw.
             Mangled by a catoblepas (20 damage)
             ... on level 1 of the Lair of Beasts.
             The game lasted 00:12:38 (7089 turns).

Alarkh the Slicer (Demonspawn Artificer)            Turns: 7089, Time: 00:12:39

Health: -10/93     AC:  6    Str: 13    XL:     11   Next: 51%
Magic:  16/16      EV: 14    Int: 16    God:    Uskayaw [**....]
Gold:   383        SH:  0    Dex: 20    Spells: 10/10 levels left

rFire   + . .        a - +1 short sword (venom)
rCold   . . .        (no shield)
rNeg    . . .        w - +1 leather armour {rF+}
rPois   .            (no helmet)
rElec   .            (no cloak)
rCorr   .            (no gloves)
SInv    .            (no boots)
Will    .....        t - amulet of regeneration
Stlth   ++++         n - +6 ring of dexterity
HPRegen 1.15/turn    (no ring)
MPRegen 0.15/turn

%: no passive effects
@: no status effects
A: rugged brown scales 2, ignite blood 2, weakness stinger 2
a: Renounce Religion, Stomp, Line Pass


You were on level 1 of the Lair of Beasts.
You worshipped Uskayaw.
Uskayaw was noncommittal.
You visited 3 branches of the dungeon, and saw 10 of its levels.

You collected 383 gold pieces.

Inventory:

Hand Weapons
 a - a +1 short sword of venom (weapon)
 b - a +1 short sword of freezing
 k - a +0 club
 J - a +4 dagger
Armour
 f - a scarf of invisibility
 w - a +1 leather armour of fire resistance (worn)
 y - a +0 leather armour
Magical Staves
 E - a staff of air
Jewellery
 n - a +6 ring of dexterity (left hand)
 t - an amulet of regeneration (around neck)
 I - a ring of wizardry
Wands
 c - a wand of flame (10) (quivered)
 d - a wand of charming (15)
 e - a wand of acid (4)
 s - a wand of paralysis (26)
 G - a wand of polymorph (12)
Scrolls
 h - 2 scrolls of teleportation
 l - a scroll of blinking {unknown}
 m - a scroll of noise
 o - a scroll of summoning {unknown}
 r - 3 scrolls of identify
 u - a scroll of immolation {unknown}
 x - a scroll of enchant armour
 B - a scroll of amnesia {unknown}
 C - a scroll of fear
 D - a scroll of poison
Potions
 g - 2 potions of invisibility {unknown}
 i - 3 potions of might
 j - 2 potions of cancellation {unknown}
 p - 4 potions of brilliance
 q - a potion of heal wounds
 v - a potion of haste
 z - 2 potions of magic
 A - a potion of flight
 F - 2 potions of mutation {unknown}
 H - 2 potions of curing


   Skills:
 + Level 9.2 Fighting
 * Level 10.5 Short Blades
 + Level 4.9 Armour
 + Level 4.6 Dodging
 + Level 8.2 Stealth
 + Level 6.9 Invocations
 - Level 3.0 Evocations


You had 10 spell levels left.
You didn't know any spells.
Your spell library contained the following spells:

 Spells                   Type           Power      Damage    Failure   Level
 Freeze                   Ice            0%         1d3       30%         1
 Shock                    Conj/Air       0%         1d3       30%         1
 Slow                     Hex            0%         N/A       30%         1
 Poisonous Vapours        Pois/Air       0%         N/A       43%         2
 Confusing Touch          Hex            0%         N/A       67%         3
 Frozen Ramparts          Ice            0%         1d1       67%         3
 Hailstorm                Conj/Ice       0%         3d3       67%         3
 Mephitic Cloud           Conj/Pois/Air  0%         N/A       67%         3
 Swiftness                Air            0%         N/A       67%         3
 Vampiric Draining        Necr           0%         2d6       67%         3
 Airstrike                Air            0%         2d(0-16)  97%         4
 Anguish                  Hex/Necr       0%         N/A       97%         4
 Cause Fear               Hex            0%         N/A       97%         4
 Freezing Cloud           Conj/Ice/Air   0%         6-21      100%        5
 Enfeeble                 Hex            0%         N/A       100%        7


Dungeon Overview and Level Annotations

Branches:
Dungeon (8/15)             Temple (1/1) D:5            Lair (1/5) D:8

Altars:
Ashenzari
Cheibriados
Dithmenos
Fedhas
Gozag
Hepliaklqana
Kikubaaqudgha
Makhleb
Nemelex Xobeh
Okawaru
Qazlal
Ru
Sif Muna
Trog
Uskayaw
Vehumet
Wu Jian
Xom
Yredelemnul

Shops:
D:1 ?   D:5 =

Annotations:
D:3 2 transporters, Wired's ghost, amateur MiBe


Innate Abilities, Weirdness & Mutations

You are mostly covered in rugged brown scales. (AC +2, +5% HP)
Your demonic aura often causes spilled blood to erupt in flames.
You have a tail ending in a sharp stinger.


Message History

The steam dragon looks as sick as possible!
The steam dragon is moderately wounded.
Unknown command.
You hit the steam dragon but do no damage.
The steam dragon looks as sick as possible!
You tail-slap the steam dragon.
The steam dragon is moderately wounded.
The steam dragon bites you but does no damage.
The steam dragon claws you but does no damage.
Unknown command.
You hit the steam dragon.
The steam dragon looks as sick as possible!
The steam dragon is heavily wounded.
You hit the steam dragon but do no damage.
The steam dragon is heavily wounded.
The steam dragon barely misses you. The steam dragon completely misses you.
You hit the steam dragon.
The steam dragon looks as sick as possible!
The steam dragon is severely wounded.
You can now pass through a line of other dancers.
You hit the steam dragon but do no damage.
The steam dragon looks as sick as possible!
Your tail-slap misses the steam dragon.
The steam dragon is severely wounded.
The steam dragon is engulfed in blazing flames.
You kill the steam dragon!
You hit the catoblepas but do no damage.
You tail-slap the catoblepas, but do no damage.
You hit the catoblepas but do no damage.
The catoblepas is poisoned.
You tail-slap the catoblepas.
The catoblepas is lightly wounded.
The catoblepas is engulfed in blazing flames.
The catoblepas breathes a plume of calcifying dust at you.
The blast of calcifying dust hits you!
The catoblepas is engulfed in blazing flames.
The catoblepas gores you!!
* * * LOW HITPOINT WARNING * * *
The catoblepas attacks as you move away!
The catoblepas gores you!!
You die...

8.##..#..8.8.... ...
..#..#.......# ...
....#...>.^.# .. #.
#..........#... #
#..#..8!8.....#
#..#.....#...#
#...........#
##Y##...##.## #
#§@##..#..### ###
##.........#.#####..
#..........#....†...
#.#§.##+##...........
#P..§.. #...>.......#
#####.##
###...####### ###
#..## #....# ##.#.#


You could see a catoblepas (very poisoned).

Vanquished Creatures
  A two-headed ogre (D:5)
  Pikel (D:5)
  Joseph (D:8)
  A cane toad (Lair:1)
  Maggie (D:6)
  A rime drake (D:8)
  3 polar bears
  Prince Ribbit (D:6)
  Grinder (D:5)
  A steam dragon (Lair:1)
  Edmund (D:5)
  An acid dragon (D:8)
  4 orc warriors
  2 water moccasins
  A black bear (D:7)
  8 ice beasts
  4 ogres (D:5)
  4 wolves (D:8)
  A lemure (D:5)
  4 centaurs
  3 kobold brigands
  4 bullfrogs
  2 scorpions
  4 wights (D:6)
  2 howler monkeys
  4 jellies
  4 orc priests
  A gnoll bouda (D:6)
  4 hounds
  2 sleepcaps (D:5)
  2 iguanas
  7 orc wizards
  7 gnolls
  10 adders
  2 shadow imps (D:6)
  2 white imps
  A dart slug (D:2)
  33 orcs
  7 ball pythons
  4 endoplasms
  10 goblins
  8 hobgoblins
  A quokka (D:4)
  5 bats
  A frilled lizard (D:1)
  16 kobolds
  5 rats
193 creatures vanquished.

Vanquished Creatures (others)
  A kobold (D:8)
  A fungus (Lair:1)
  A plant (Lair:1)
3 creatures vanquished.

Grand Total: 196 creatures vanquished

Notes
Turn   | Place    | Note
-------+----------+-------------------------------------------
     0 | D:1      | Alarkh the Demonspawn Artificer began the quest for the
                  | Orb.
     0 | D:1      | Reached XP level 1. HP: 15/15 MP: 1/1
   188 | D:1      | Found a faded altar of an unknown god.
   251 | D:1      | Gained mutation: Your demonic aura sometimes causes spilled
                  | blood to erupt in flames. [demonic ancestry]
   251 | D:1      | Reached XP level 2. HP: 9/22 MP: 2/2
   701 | D:1      | Found The Oracle's Delphic Readings.
   945 | D:2      | Gained mutation: Your demonic aura often causes spilled
                  | blood to erupt in flames. [demonic ancestry]
   945 | D:2      | Reached XP level 3. HP: 27/29 MP: 3/3
  1444 | D:3      | Gained mutation: You have a small tail. [demonic ancestry]
  1444 | D:3      | Reached XP level 4. HP: 24/37 MP: 4/4
  1518 | D:3      | Found a shimmering altar of Xom.
  1533 | D:3      | Reached skill level 1 in Stealth
  1549 | D:3      | Reached skill level 1 in Short Blades
  1594 | D:3      | Noticed an angel
  1651 | D:3      | Noticed Wired's ghost (amateur MiBe)
  1654 | D:3      | Found a transporter.
  1700 | D:3      | Found a transporter.
  2001 | D:3      | Reached XP level 5. HP: 9/42 MP: 5/5
  2002 | D:3      | Reached skill level 2 in Short Blades
  2276 | D:4      | Gained mutation: You are partially covered in rugged brown
                  | scales. (AC +1, +3% HP) [demonic ancestry]
  2276 | D:4      | Reached XP level 6. HP: 43/50 MP: 6/6
  2413 | D:4      | Noticed an ice beast
  2425 | D:4      | Killed an ice beast
  2426 | D:4      | Reached skill level 3 in Short Blades
  2884 | D:5      | Entered Level 5 of the Dungeon
  2946 | D:5      | Reached skill level 5 in Fighting
  2983 | D:5      | Reached XP level 7. HP: 57/57 MP: 7/7
  2993 | D:5      | Reached skill level 4 in Short Blades
  3099 | D:5      | Found a staircase to the Ecumenical Temple.
  3124 | Temple   | Entered the Ecumenical Temple
  3163 | Temple   | Became a worshipper of Uskayaw the Reveller
  3188 | D:5      | Noticed Grinder
  3191 | D:5      | Reached * piety under Uskayaw
  3197 | D:5      | Killed Grinder
  3198 | D:5      | Reached skill level 5 in Short Blades
  3198 | D:5      | Reached XP level 8. HP: 65/65 MP: 8/8
  3227 | D:5      | Reached ** piety under Uskayaw
  3231 | D:5      | Noticed Edmund
  3242 | D:5      | Reached *** piety under Uskayaw
  3256 | D:5      | Killed Edmund
  3256 | D:5      | Reached **** piety under Uskayaw
  3347 | D:5      | Found Kekkeajo's Jewellery Shop.
  3364 | D:5      | Noticed Pikel
  3385 | D:5      | Killed Pikel
  3386 | D:5      | Reached skill level 6 in Short Blades
  3386 | D:5      | Reached skill level 5 in Stealth
  3499 | D:5      | Identified the +6 trident "Jiggoorph" {antimagic, Fly Int-3
                  | Dex+6}
  3627 | D:5      | Noticed a two-headed ogre
  3636 | D:5      | Killed a two-headed ogre
  3637 | D:5      | Reached skill level 7 in Short Blades
  3637 | D:5      | Gained mutation: You are mostly covered in rugged brown
                  | scales. (AC +2, +5% HP) [demonic ancestry]
  3637 | D:5      | Reached XP level 9. HP: 69/75 MP: 9/9
  3648 | D:5      | Found an opulent altar of Gozag.
  3648 | D:5      | Found a hazy altar of Hepliaklqana.
  4152 | D:6      | Noticed Maggie
  4155 | D:6      | Killed Maggie
  4156 | D:6      | Reached skill level 8 in Short Blades
  4156 | D:6      | Reached skill level 1 in Invocations
  4588 | D:6      | Reached skill level 1 in Dodging
  4648 | D:6      | Found an ornate altar of the Wu Jian Council.
  4813 | D:7      | Noticed Prince Ribbit
  4901 | D:6      | Killed Prince Ribbit
  5118 | D:7      | Reached XP level 10. HP: 39/84 MP: 12/12
  5118 | D:7      | Reached skill level 9 in Short Blades
  5118 | D:7      | Reached skill level 5 in Invocations
  5118 | D:7      | Gained mutation: You have a tail ending in a sharp stinger.
                  | [demonic ancestry]
  5118 | D:7      | Reached XP level 11. HP: 43/91 MP: 12/15
  5265 | D:7      | Reached skill level 10 in Short Blades
  5443 | D:7      | Found a shimmering blue altar of Sif Muna.
  5674 | D:8      | Found a stormy altar of Qazlal.
  5697 | D:8      | Noticed Joseph
  5874 | D:8      | Reached ***** piety under Uskayaw
  5887 | D:8      | Found a staircase to the Lair.
  5901 | D:8      | Reached ****** piety under Uskayaw
  6363 | D:8      | Killed Joseph
  6935 | Lair:1   | Entered Level 1 of the Lair of Beasts
  7047 | Lair:1   | Noticed a catoblepas
  7089 | Lair:1   | Mangled by a catoblepas

Illustrated notes

Levels and vault maps discovered:
D:1:      spicycebolla_green_bress_n_ham, layout_loops_ring,
          ebering_ecumenical_altar_box, nicolae_nh_oracle_at_delphi
D:2:      layout_loops_ring
D:3:      layout_basic, grunt_temple_overflow_order_and_chaos_1,
          gammafunk_ghost_arena
D:4:      layout_basic, chequers_serial_rivers_large_a, kennysheep_boxes
D:5:      layout_basic, mainiacjoe_overflow_large_starburst,
          minmay_temple_entry_glass, serial_shops, shop, uniq_grinder,
          uniq_pikel, uniq_edmund
D:6:      layout_loops_cross, nicolae_wu_jian_immortal_techniques,
          item_on_display_a, uniq_maggie
D:7:      layout_rooms, mainiacjoe_overflow_concentric_impassable,
          uniq_prince_ribbit1
D:8:      layout_loops_ring, marbit_many_paths, hellmonk_lair_entry_icy,
          serial_rivers, chequers_serial_rivers_micro_e,
          chequers_serial_rivers_micro_d, chequers_serial_rivers_small_3,
          chequers_serial_rivers_micro_e, chequers_serial_rivers_large_b,
          chequers_serial_rivers_micro_e, uniq_joseph
Temple:   hellmonk_temple_of_storms
Lair:1:   layout_concentric_octagons, gammafunk_ghost_ooze, grunt_megastairs_2,
          lemuel_fruit_tree

Skill      XL: |  1  2  3  4  5  6  7  8  9 10 11 |
---------------+----------------------------------+-----
Fighting       | 2 3 4 5 7 8 9 |  9.2
Stealth        | 1 2 3 4 5 6 7 8 |  8.2
Short Blades   | 1 2 3 5 7 8 9 10 | 10.5
Invocations    | 3 5 6 |  6.9
Dodging        | 1 3 4 |  4.6
Armour         | 2 4 |  4.9
Evocations     | |  3.0

Action                     |  1- 3 |  4- 6 |  7- 9 | 10-12 || total
---------------------------+-------+-------+-------+-------++-------
  Melee: Club              |    31 |       |       |       ||    31
         Short sword       |    66 |    94 |   305 |   229 ||   694
         Punch             |     2 |       |     4 |     3 ||     9
         Tailslap          |       |    16 |    64 |    43 ||   123
  Evoke: Wand              |     1 |     4 |    18 |     3 ||    26
    Use: Scroll            |       |     5 |     2 |     7 ||    14
         Potion            |       |       |     1 |     2 ||     3
   Stab: Sleeping          |     2 |     3 |     7 |     3 ||    15
         Paralysed         |       |       |     9 |     9 ||    18
 Armour: Leather armour    |    24 |    17 |    39 |    48 ||   128
  Dodge: Dodged            |    70 |    44 |   121 |   110 ||   345
